 Dungeon Crawl Stone Soup version 0.28.0-43-g3370ac3207 (webtiles) character file.

Game seed: 1394901629708484104

49739 dropkickpikachu the Bludgeoner (level 14, -6/202 HPs)
             Began as a Minotaur Berserker on Mar 3, 2022.
             Was a High Priest of Trog.
             Mangled by a very large slime creature (27 damage)
             ... in a Gauntlet.
             The game lasted 01:27:48 (13206 turns).

dropkickpikachu the Bludgeoner (MiBe)              Turns: 13206, Time: 01:27:49

Health: -6/202     AC: 23    Str: 31    XL:     14   Next: 17%
Magic:  23/23      EV: 12    Int:  4    God:    Trog [*****.]
Gold:   888        SH:  0    Dex: 15    Spells: 13/13 levels left

rFire   . . .      SeeInvis .   a - +7 dire flail of Wu Jian's Wrath {spect, rElec rC++ MP+9}
rCold   + + .      Faith    .   (shield currently unavailable)
rNeg    . . .      Spirit   .   M - +2 plate armour
rPois   .          Reflect  .   (helmet restricted)
rElec   +          Harm     .   I - scarf {+Inv}
rCorr   .          Rampage  .   o - +1 pair of gloves
Will    +++..      NoTele   +   c - +1 pair of boots
Stlth   ..........              (no amulet)
HPRegen 1.43/turn               k - +6 ring of dexterity
MPRegen 0.18/turn               y - ring "Zosecadgh" {Fly Str+3}

@: berserking, strong-willed, flying, regenerating, very quick
A: horns 2, retaliatory headbutt
a: Renounce Religion, Evoke Invisibility, Berserk, Trog's Hand, Brothers in Arms


You were in a Gauntlet.
You worshipped Trog.
Trog was extremely pleased with you.
You visited 3 branches of the dungeon, and saw 16 of its levels.
You also visited: Ossuary, Bailey and Gauntlet.

You collected 1696 gold pieces.
You spent 808 gold pieces at shops.

Inventory:

Hand Weapons
 a - the +7 dire flail of Wu Jian's Wrath (weapon) {spect, rElec rC++ MP+9}
   (You took it off an ogre on level 3 of the Dungeon)

   When its wielder attacks, the weapon's spirit leaps out and strikes again.
   The spirit shares a part of any damage it takes with its wielder.
   rC:        It greatly protects you from cold.
   rElec:     It insulates you from electricity.
   MP:        It affects your magic capacity (+9).
 B - a +1 flail of protection
 F - a +4 vorpal spear
 T - a +3 eveningstar of flaming
Missiles
 J - 2 silver boomerangs (quivered)
 R - a throwing net
Armour
 b - a +1 buckler of cold resistance
 c - a +1 pair of boots (worn)
 h - a scarf of repulsion
 o - a +1 pair of gloves (worn)
 s - a scarf of harm
 x - a +2 chain mail of cold resistance
 C - +1 swamp dragon scales
 I - a scarf of invisibility (worn)
 M - a +2 plate armour (worn)
Jewellery
 k - a +6 ring of dexterity (left hand)
 p - a ring of poison resistance
 t - a ring of protection from cold
 u - a ring of protection from fire
 v - a ring of positive energy
 y - the ring "Zosecadgh" (right hand) {Fly Str+3}
   (You bought it in a shop on level 4 of the Dungeon)

   [ring of flight]

   Str:       It affects your strength (+3).
   Fly:       It grants you flight.
 H - a ring of flight
 O - a +4 ring of evasion
Wands
 f - a wand of digging (7)
 r - a wand of flame (21)
 L - a wand of polymorph (4)
 Q - a wand of paralysis (9)
 W - a wand of acid (11)
Scrolls
 d - 4 scrolls of vulnerability
 e - a scroll of fog
 g - 8 scrolls of teleportation
 m - 11 scrolls of fear
 n - 4 scrolls of enchant weapon
 q - 3 scrolls of noise
 A - 4 scrolls of immolation
 G - 2 scrolls of amnesia
 N - a scroll of magic mapping {unknown}
 S - 2 scrolls of summoning
 U - a scroll of holy word {unknown}
 V - 2 scrolls of identify
Potions
 i - 2 potions of degeneration
 j - 3 potions of cancellation
 l - 3 potions of mutation {unknown}
 w - 3 potions of curing
 z - 2 potions of flight
 D - 4 potions of might
 E - a potion of lignification {unknown}
 K - a potion of magic {unknown}
 P - a potion of brilliance {unknown}
 X - a potion of resistance {unknown}
Miscellaneous
 Y - a lightning rod (4/4)


   Skills:
 + Level 15.1 Fighting
 + Level 2.2(11.5) Axes
 + Level 17.1(17.3) Maces & Flails
 + Level 2.2(3.2) Polearms
 + Level 2.3(11.5) Staves
 + Level 2.0(2.5) Slings
 + Level 2.0 Bows
 + Level 2.0 Crossbows
 + Level 1.8(2.2) Throwing
 + Level 14.3 Armour
 + Level 8.9 Dodging
 + Level 4.3 Stealth
 + Level 2.2 Shields
 + Level 2.0 Unarmed Combat
 + Level 1.8 Invocations
 + Level 1.6 Evocations


You had 13 spell levels left.
You didn't know any spells.
Your spell library was empty.

Dungeon Overview and Level Annotations

Branches:
Dungeon (11/15)            Temple (0/1) D:7            Lair (3/6) D:11
    Orc (2/2) D:10            Elf (0/3) Orc:2       Ossuary (visited)
 Bailey (visited)         Gauntlet (1/1)
  Swamp: Lair:2-4    Shoals: Lair:2-4     Snake: Lair:2-4    Spider: Lair:2-4

Altars:
Fedhas
Gozag
Hepliaklqana
Kikubaaqudgha
Makhleb
Okawaru
Qazlal
Ru
Sif Muna
Uskayaw
Xom
Zin
The Shining One

Shops:
D:4 :[=[   Orc:2 [[!(

Annotations:
Gauntlet 11 transporters, 2 runed translucent doors


Innate Abilities, Weirdness & Mutations

You have a pair of horns on your head.
You reflexively headbutt those who attack you in melee.


Message History

The jelly hits you but does no damage.
The slime creature hits you but does no damage.
The very large slime creature hits you!!!
You hit the very large slime creature.
The very large slime creature is moderately wounded.
The jelly hits you but does no damage.
The slime creature hits you but does no damage.
You hit the very large slime creature.
You headbutt the very large slime creature!
The very large slime creature is heavily wounded.
The very large slime creature hits you!
You hit the very large slime creature.
The very large slime creature is heavily wounded.
The jelly jiggles.
The jelly misses you.
The slime creature hits you but does no damage.
The very large slime creature hits you!!!
* * * LOW HITPOINT WARNING * * *
Your skin crawls.
You feel strong-willed.
The slime creature jiggles.
The slime creature closely misses you. The jelly barely misses you.
The very large slime creature completely misses you.
A red film seems to cover your vision as you go berserk!
You feel yourself moving faster!
You feel mighty! The jelly hits you but does no damage.
The slime creature barely misses you.
The very large slime creature hits you!!!
* * * LOW HITPOINT WARNING * * *
You puncture the very large slime creature!
You headbutt the very large slime creature.
The very large slime creature is heavily wounded.
You beat the very large slime creature like a drum!!!
You headbutt the very large slime creature!!
The very large slime creature is almost dead.
The jelly barely misses you. You furiously retaliate!
You headbutt the jelly! The slime creature closely misses you.
You bludgeon the very large slime creature!!
The very large slime creature is almost dead.
The very large slime creature hits you!!
You die...

.#..####.#..#.§##§##§.#..###...#.
.#.....JJ#..#.........#..#y..##ss
.#########..#.........#..########
.........#..###########..#.......
.#########..##.......##..########
.##.#.#.##..#.#.....#.#..#x..#.#©
.#.#.#.#W#..#..#...#..#..#.#.#([#
.##.#©#W##..#..J#.#..(#..#.#.#.Xx
©#.#.#.#W#©©#..J@#...©#©©#.#.©###
.##.#.#!##..#..J#.#..=#..#.#..Xxx
.#.#.#.#W#..#..#...#..#..#..####x
.##.#.#.##..#.#.....#.#..#....xxX
.#########..##.......##..########
.........#..###########..#.......
.#########..#.........#..########
.#.......#..#.........#..#2......
§#.8.#.#.#..#..##≈##..#..#4#+###)


You could see a very large slime creature, a slime creature and a jelly.

Vanquished Creatures
  A hydra (Lair:1)
  An ogre mage (Orc:2)
  12 two-headed ogres
  6 death yaks (Lair:2)
  2 deep trolls
  2 wizards (D:11)
  2 deep elf pyromancers (D:11)
  2 orc knights (Orc:2)
  An orc sorcerer (Orc:1)
  3 cyclopes
  A torpor snail (Lair:3)
  3 black mambas
  Maurice (D:10)
  A gargoyle (D:11)
  9 cane toads
  3 komodo dragons (D:11)
  9 trolls
  A polar bear (Lair:3)
  A hornet (D:9)
  8 blink frogs
  Sigmund (D:4)
  4 centaur simulacra (Gauntlet)
  3 wyverns
  A shadow (D:9)
  29 yaks
  5 spriggans (Bailey)
  2 steam dragons
  A fire elemental (D:11)
  4 basilisks
  Menkaure (D:4)
  5 wargs
  An acid dragon (Bailey)
  8 water moccasins
  A sky beast (D:7)
  Pargi (D:3)
  2 ice beasts
  14 orc warriors
  The ghost of lonewolfV2 the Skirmisher, an amateur HOFi (D:3)
  28 ogres
  7 wolves (Lair:2)
  5 centaurs
  A phantom (D:5)
  A kobold brigand (D:10)
  4 bullfrogs
  A water moccasin zombie (Ossuary)
  2 gnoll sergeants
  A cane toad simulacrum (Gauntlet)
  5 killer bees
  A howler monkey (D:11)
  A crimson imp (D:10)
  6 lava snakes (D:10)
  2 bullfrog zombies (D:5)
  A centaur zombie (D:5)
  2 hounds
  4 orc priests
  A jelly (D:6)
  A centaur skeleton (D:7)
  2 iguanas
  Natasha (thrice) (D:3)
  13 orc wizards
  A hound zombie (D:5)
  3 hound skeletons (D:5)
  2 mummies (Ossuary)
  8 adders
  12 gnolls
  2 river rats (D:5)
  4 white imps
  An adder skeleton (D:4)
  4 worms
  3 dart slugs
  46 orcs
  5 endoplasms
  2 giant cockroaches
  3 gnoll zombies (Ossuary)
  6 goblins
  5 hobgoblins
  3 quokkas
  9 ball pythons
  5 bats
  2 frilled lizards
  A hobgoblin zombie (Ossuary)
  12 kobolds
  5 kobold zombies (Ossuary)
  9 orc zombies (Ossuary)
  2 rats
400 creatures vanquished.

Vanquished Creatures (collateral kills)
  An orc warlord (Orc:2)
  An ogre mage (Orc:2)
  2 two-headed ogres
  An orc sorcerer (Orc:2)
  A troll (Orc:1)
  2 ogres (Orc:2)
8 creatures vanquished.

Vanquished Creatures (others)
  An orc (Orc:1)
  8 fungi
  4 withered plants (Gauntlet)
13 creatures vanquished.

Grand Total: 421 creatures vanquished

Notes
Turn   | Place    | Note
-------+----------+-------------------------------------------
     0 | D:1      | dropkickpikachu the Minotaur Berserker began the quest for
                  | the Orb.
     0 | D:1      | Reached XP level 1. HP: 19/19 MP: 0/0
    22 | D:1      | Found a faded altar of an unknown god.
   554 | D:1      | Reached XP level 2. HP: 26/27 MP: 1/1
   645 | D:2      | Reached skill level 4 in Maces & Flails
   722 | D:2      | Reached XP level 3. HP: 28/33 MP: 2/2
  1088 | D:2      | Reached ** piety under Trog
  1196 | D:3      | Noticed Natasha
  1207 | D:3      | Killed Natasha
  1208 | D:3      | Reached XP level 4. HP: 36/41 MP: 3/3
  1248 | D:3      | Noticed lonewolfV2's ghost (amateur HOFi)
  1294 | D:3      | Found a transporter.
  1295 | D:3      | Noticed an ogre
  1296 | D:3      | Identified the +7 dire flail of Wu Jian's Wrath {spect,
                  | rElec rC++ MP+9}
  1296 | D:3      | Noticed an ogre
  1296 | D:3      | Noticed an ogre
  1303 | D:3      | Noticed Natasha
  1304 | D:3      | Found a transporter.
  1312 | D:3      | Killed Natasha
  1313 | D:3      | Reached skill level 5 in Maces & Flails
  1462 | D:3      | Killed an ogre
  1463 | D:3      | Reached XP level 5. HP: 47/47 MP: 4/4
  1463 | D:3      | Killed lonewolfV2's ghost
  1464 | D:3      | Reached skill level 5 in Fighting
  1464 | D:3      | Reached skill level 6 in Maces & Flails
  1464 | D:3      | Reached XP level 6. HP: 56/56 MP: 5/5
  1525 | D:3      | Noticed Natasha
  1577 | D:3      | Killed Natasha
  1578 | D:3      | Reached skill level 7 in Maces & Flails
  1613 | D:3      | Reached XP level 7. HP: 57/61 MP: 6/6
  1737 | D:3      | Noticed Pargi
  1743 | D:3      | Killed Pargi
  1908 | D:4      | Found a hazy altar of Hepliaklqana.
  2057 | D:4      | Noticed Sigmund
  2067 | D:4      | Killed Sigmund
  2068 | D:4      | Reached skill level 8 in Maces & Flails
  2099 | D:4      | Reached *** piety under Trog
  2112 | D:4      | Found Ucry's Jewellery Shop.
  2123 | D:4      | Found Bamodd's Armour Shop.
  2145 | D:4      | Noticed Menkaure
  2149 | D:4      | Killed Menkaure
  2256 | D:4      | Found Agry's Antique Armour Shoppe.
  2350 | D:4      | Reached skill level 1 in Stealth
  2350 | D:4      | Reached XP level 8. HP: 46/70 MP: 7/7
  2506 | D:4      | Found Saumo's Book Boutique.
  2549 | D:4      | Found a hide-covered altar of Uskayaw.
  2632 | D:5      | Entered Level 5 of the Dungeon
  2686 | D:5      | Reached skill level 9 in Maces & Flails
  2703 | D:5      | Reached skill level 5 in Armour
  2881 | D:5      | Reached skill level 10 in Maces & Flails
  2907 | D:5      | Found a shimmering blue altar of Sif Muna.
  2958 | D:5      | Found a glowing drain.
  2962 | D:5      | Reached **** piety under Trog
  3027 | D:5      | Found a sand-covered staircase.
  3036 | Ossuary  | Entered an ossuary
  3281 | D:4      | Bought the ring "Zosecadgh" {Fly Str+3} for 338 gold pieces
  3442 | D:6      | Found an ancient bone altar of Kikubaaqudgha.
  3604 | D:6      | Reached skill level 5 in Dodging
  3715 | D:6      | Reached XP level 9. HP: 78/78 MP: 8/8
  3717 | D:6      | Reached skill level 11 in Maces & Flails
  3844 | D:7      | Found a flagged portal.
  3853 | Bailey   | Entered a bailey
  3958 | Bailey   | Noticed a two-headed ogre
  3990 | Bailey   | Killed a two-headed ogre
  3991 | Bailey   | Reached skill level 12 in Maces & Flails
  4347 | Bailey   | Reached skill level 13 in Maces & Flails
  4347 | Bailey   | Reached XP level 10. HP: 24/90 MP: 9/9
  4663 | D:7      | Found an iron altar of Okawaru.
  4693 | D:7      | Reached ***** piety under Trog
  4851 | D:7      | Reached skill level 1 in Throwing
  4851 | D:7      | Reached skill level 1 in Invocations
  4851 | D:7      | Reached skill level 1 in Evocations
  4851 | D:7      | Reached XP level 11. HP: 97/97 MP: 11/11
  5071 | D:7      | Found a glowing golden altar of the Shining One.
  5205 | D:7      | Found a staircase to the Ecumenical Temple.
  5275 | D:8      | Noticed a two-headed ogre
  5281 | D:8      | Killed a two-headed ogre
  5582 | D:8      | Reached skill level 14 in Maces & Flails
  5852 | D:9      | Noticed a two-headed ogre
  5856 | D:9      | Killed a two-headed ogre
  5948 | D:9      | Found a glowing silver altar of Zin.
  6094 | D:9      | Reached skill level 10 in Fighting
  6244 | D:9      | Noticed a two-headed ogre
  6249 | D:9      | Killed a two-headed ogre
  6482 | D:10     | Entered Level 10 of the Dungeon
  6649 | D:10     | Found a burning altar of Makhleb.
  6650 | D:10     | Found a shimmering altar of Xom.
  6690 | D:10     | Found a stormy altar of Qazlal.
  6788 | D:10     | Found a blossoming altar of Fedhas.
  6851 | D:10     | Found a staircase to the Orcish Mines.
  6854 | D:10     | Noticed Maurice
  6861 | D:10     | Killed Maurice
  6874 | D:10     | Noticed a two-headed ogre
  6879 | D:10     | Killed a two-headed ogre
  6931 | Orc:1    | Entered Level 1 of the Orcish Mines
  6932 | Orc:1    | Noticed an orc sorcerer
  7044 | Orc:1    | Killed an orc sorcerer
  7111 | Orc:2    | Entered Level 2 of the Orcish Mines
  7158 | Orc:2    | Noticed an orc sorcerer
  7161 | Orc:2    | Noticed an ogre mage
  7162 | Orc:2    | Noticed a two-headed ogre
  7163 | Orc:2    | Noticed a two-headed ogre
  7164 | Orc:2    | Killed an orc sorcerer
  7164 | Orc:2    | Noticed an ogre mage
  7165 | Orc:2    | Noticed a deep troll
  7169 | Orc:2    | Reached skill level 10 in Armour
  7169 | Orc:2    | Noticed a two-headed ogre
  7170 | Orc:2    | Noticed a two-headed ogre
  7171 | Orc:2    | Noticed a two-headed ogre
  7174 | Orc:2    | Reached XP level 12. HP: 110/110 MP: 12/12
  7175 | Orc:2    | Killed a two-headed ogre
  7179 | Orc:2    | Killed a two-headed ogre
  7180 | Orc:2    | Reached skill level 15 in Maces & Flails
  7184 | Orc:2    | Killed an ogre mage
  7184 | Orc:2    | Killed an ogre mage
  7185 | Orc:2    | Noticed a two-headed ogre
  7188 | Orc:2    | Killed a two-headed ogre
  7191 | Orc:2    | Noticed a two-headed ogre
  7194 | Orc:2    | Noticed a two-headed ogre
  7664 | Orc:1    | Killed a two-headed ogre
  7860 | Orc:1    | Killed a two-headed ogre
  7915 | Orc:1    | Killed a two-headed ogre
  8006 | Orc:2    | Killed a two-headed ogre
  8008 | Orc:2    | Killed a two-headed ogre
  8326 | Orc:2    | Found Fonumpis's Weapon Boutique.
  8335 | Orc:2    | Found Vanem's Distillery.
  8336 | Orc:2    | Found Ules's Antique Armour Boutique.
  8337 | Orc:2    | Found Caodd's Armour Emporium.
  8398 | Orc:2    | Found a staircase to the Elven Halls.
  8732 | Orc:2    | Bought a potion of might for 64 gold pieces
  8745 | Orc:2    | Bought a shiny buckler for 202 gold pieces
  8751 | Orc:2    | Bought a scarf of invisibility for 204 gold pieces
  8818 | Orc:1    | Received a gift from Trog
  8949 | Orc:1    | Noticed an orc warlord
  9144 | Orc:2    | Killed an orc warlord
  9145 | Orc:2    | Reached XP level 13. HP: 53/119 MP: 13/13
  9849 | D:10     | Found a sacrificial altar of Ru.
 10428 | D:11     | Reached skill level 16 in Maces & Flails
 11062 | D:11     | Found a staircase to the Lair.
 11173 | Lair:1   | Entered Level 1 of the Lair of Beasts
 11374 | Lair:1   | You are sucked into a shaft and drop 1 floor!
 11429 | Lair:1   | Received a gift from Trog
 12253 | Lair:2   | Reached XP level 14. HP: 26/133 MP: 14/14
 12798 | Lair:3   | Reached skill level 17 in Maces & Flails
 12838 | Lair:3   | Reached skill level 15 in Fighting
 12948 | Lair:3   | Found an opulent altar of Gozag.
 12982 | Lair:3   | Found a gate leading to a gauntlet.
 12991 | Gauntlet | Entered a Gauntlet
 12991 | Gauntlet | Found a transporter.
 12991 | Gauntlet | Found a transporter.
 12994 | Gauntlet | Found a transporter.
 12995 | Gauntlet | Found a transporter.
 12997 | Gauntlet | Found a transporter.
 13035 | Gauntlet | Found a transporter.
 13037 | Gauntlet | Found a transporter.
 13037 | Gauntlet | Found a transporter.
 13050 | Gauntlet | Found a transporter.
 13063 | Gauntlet | Found a transporter.
 13075 | Gauntlet | Found a runed translucent door.
 13077 | Gauntlet | Found a transporter.
 13079 | Gauntlet | Found a runed translucent door.
 13082 | Gauntlet | Found a transporter.
 13116 | Gauntlet | Found a transporter.
 13128 | Gauntlet | Found a transporter.
 13206 | Gauntlet | Mangled by a very large slime creature

Illustrated notes

Levels and vault maps discovered:
D:1:      wander_arrival_desolate, layout_basic,
          hellmonk_ecumenical_altar_lost_god
D:2:      layout_rooms, minmay_tree_intersection, minmay_pentomino_s2
D:3:      layout_rooms, gammafunk_ghost_smash, minmay_misc_feat_tower,
          kennysheep_decorative_pillar, uniq_pargi, uniq_natasha
D:4:      layout_loops_ring, mainiacjoe_overflow_paths, lemuel_round_altar,
          serial_shops, shop, shop, nicolae_lakefront_shop, shop,
          nicolae_stop_n_shop_2, uniq_eustachio, uniq_menkaure, uniq_sigmund
D:5:      layout_loops_ring, kennysheep_orc_sif_temple,
          cheibrodos_sewer_entry_sluice, nicolae_ossuary_entry_ruins,
          serial_glass, glass_columns_b, glass_columns_b
D:6:      layout_cave_pools, mainiacjoe_overflow_tiny_flanked
D:7:      layout_layer_cave, okawaru_gym_becter, mainiacjoe_overflow_alcove_4,
          minmay_temple_entry_junction, enter_bailey_2
D:8:      layout_gridville
D:9:      layout_layer_cave, overflow_temple_1_default
D:10:     layout_cave_pods, grunt_temple_overflow_champion_of_chaos,
          fedhas_altar_fruit_tree, nicolae_qazlal_general_emergency, minitemple,
          orc_0_dummy, wad_floor_pattern_untrapped, kennysheep_boxes,
          uniq_maurice
D:11:     cheibrodos_lost_city_excavation, layout_small_grid, erik_lair_dragon,
          serial_park_tiny_pond
Lair:1:   layout_cave_pods, chequers_serial_rivers_room_a
Lair:2:   layout_roguey, grunt_forest_small_clearing_treed
Lair:3:   layout_big_grid, elwin_shoals_entry_stream, basic_altar,
          gauntlet_entry_generic, grunt_megastairs_3, serial_bayou_shore_a,
          serial_bayou_shore_b, infiniplex_staircase_pool
Orc:1:    layout_diamond_mine
Orc:2:    st_orc_open, layout_caves
Gauntlet: gammafunk_gauntlet_mixed_choke_point
          [minmay_gauntlet_arena_77_hold_the_fort,
          minmay_gauntlet_arena_77_checkered, minmay_gauntlet_arena_77_museum,
          nicolae_gauntlet_arena_x, minmay_gauntlet_arena_77_squiggly,
          minmay_gauntlet_arena_77_radiant_squares,
          minmay_gauntlet_arena_77_shame_cube,
          nicolae_gauntlet_exit_dead_adventurers]

Skill      XL: |  1  2  3  4  5  6  7  8  9 10 11 12 13 14 |
---------------+-------------------------------------------+-----
Maces & Flails | 4 5 6 7 8 10 13 14 15 16 17 | 17.1
Fighting       | 4 5 6 8 9 11 12 14 15 | 15.1
Dodging        | 3 4 5 6 7 8 |  8.9
Armour         | 3 4 5 7 8 10 12 14 | 14.3
Stealth        | 1 2 3 4 |  4.3
Axes           | 2 |  2.2
Polearms       | 2 |  2.2
Staves         | 2 |  2.3
Slings         | 2 |  2.0
Bows           | 2 |  2.0
Crossbows      | 2 |  2.0
Throwing       | 1 |  1.8
Shields        | 2 |  2.2
Unarmed Combat | 2 |  2.0
Invocations    | 1 |  1.8
Evocations     | 1 |  1.6

Action                   |  1- 3 |  4- 6 |  7- 9 | 10-12 | 13-15 || total
-------------------------+-------+-------+-------+-------+-------++-------
Melee: Mace              |    69 |    28 |       |       |       ||    97
       Headbutt          |     9 |     6 |    22 |    55 |    61 ||   153
       Punch             |     1 |       |       |       |       ||     1
       Flail             |       |     9 |       |       |       ||     9
       Dire flail        |       |     3 |   154 |   191 |   259 ||   607
Invok: Berserk           |       |     1 |       |     3 |     1 ||     5
       Brothers in Arms  |       |       |       |     3 |       ||     3
       Trog's Hand       |       |       |       |     2 |     2 ||     4
  Use: Scroll            |       |       |    12 |     4 |     1 ||    17
       Potion            |       |       |     2 |     5 |       ||     7
 Stab: Distracted        |       |       |       |     1 |     7 ||     8
Armor: Animal skin       |    23 |       |       |       |       ||    23
       Scale mail        |       |    16 |    53 |     3 |       ||    72
       Swamp dragon scal |       |       |       |    23 |       ||    23
       Plate armour      |       |       |       |    57 |   120 ||   177
Dodge: Dodged            |    47 |    28 |    70 |   150 |   119 ||   414
       Repelled          |       |       |       |     5 |       ||     5
